[Event "Nordic Chess-ch 2019"]
[Site "Sarpsborg"]
[Date "2019.06.25"]
[Round "7.34"]
[White "Skogheim, Ole Morten"]
[Black "Mirza, Raad"]
[Result "1-0"]
[ECO "C42"]
[WhiteElo "1950"]
[BlackElo "1991"]
[Annotator "NA"]
[PlyCount "120"]
[EventDate "2019.06.21"]
[EventType "swiss"]
[EventCountry "NOR"]
[SourceTitle "playchess.com"]
[Source "ChessBase"]
[SourceQuality "1"]
[TimeControl "40/5400+30:1800+30"]

1. e4 e5 2. Nf3 Nf6 3. Nxe5 d6 4. Nf3 Nxe4 5. Nc3 Nf6 6. d4 d5 7. Bd3 Bd6 8. Bg5 c6 9. Qe2+ Be6 10. O-O-O h6 11. Bd2 O-O 12. Ne5 Nbd7 13. h3 b5 14. f4 b4 15. Nxc6 Qb6 16. Nxb4 Rfe8 17. Qf3 Bxb4 18. f5 Qxd4 19. fxe6 Rxe6 20. Bf4 Qc5 21. Bf5 Re7 22. Nxd5 Nxd5 23. Rxd5 Rae8 24. Rhd1 Qc4 25. Bxd7 Re2 26. Qb3 Qxf4+ 27. Kb1 R8e3 28. R5d3 Re1 29. Bg4 Rxd1+ 30. Bxd1 Re1 31. Rd8+ Kh7 32. Qd3+ g6 33. a3 Be7 34. Rd7 h5 35. Ka2 Qe5 36. Bf3 Re3 37. Qc4 Kg7 38. Rxa7 Qf6 39. Ra6 Qe5 40. Ra7 Qf6 41. Rd7 Re6 42. Qd4 Re5 43. Rd5 Re6 44. Qxf6+ Bxf6 45. Rd7 Rb6 46. b4 Kf8 47. Bd5 Be7 48. c4 f5 49. Kb3 g5 50. Rb7 Rd6 51. Rb8+ Kg7 52. a4 f4 53. a5 g4 54. hxg4 h4 55. Rb6 h3 56. gxh3 Rxd5 57. cxd5 f3 58. Rc6 f2 59. Rc1 Bg5 60. Rf1 Be3 1-0

[Event "Nordic Chess-ch 2019"]
[Site "Sarpsborg"]
[Date "2019.06.25"]
[Round "7.35"]
[White "Kirppo, Ronny"]
[Black "Andersen, Harry"]
[Result "0-1"]
[ECO "D91"]
[WhiteElo "1910"]
[BlackElo "1905"]
[Annotator "NA"]
[PlyCount "104"]
[EventDate "2019.06.21"]
[EventType "swiss"]
[EventCountry "NOR"]
[SourceTitle "playchess.com"]
[Source "ChessBase"]
[SourceQuality "1"]
[TimeControl "40/5400+30:1800+30"]

1. d4 Nf6 2. c4 g6 3. Nc3 d5 4. Nf3 Bg7 5. Bg5 c6 6. e3 O-O 7. Bd3 c5 8. Bxf6 Bxf6 9. Nxd5 Bg7 10. O-O e6 11. Nc3 cxd4 12. exd4 Bxd4 13. Nxd4 Qxd4 14. Be2 Nc6 15. Qc1 Qh4 16. Rd1 Ne5 17. b3 b6 18. Qe3 Ng4 19. Qg3 Qxg3 20. hxg3 Nf6 21. Bf3 Rb8 22. Rd2 Bb7 23. Rad1 Bxf3 24. gxf3 Rfc8 25. Ne4 Nxe4 26. fxe4 Rc7 27. Kg2 Kf8 28. Kf3 h5 29. Ke3 Ke7 30. e5 b5 31. cxb5 Rxb5 32. f4 Rc3+ 33. Rd3 Rbc5 34. Rxc3 Rxc3+ 35. Rd3 Rxd3+ 36. Kxd3 f6 37. b4 fxe5 38. fxe5 g5 39. a4 Kd7 40. b5 a6 41. bxa6 Kc7 42. a5 Kb8 43. Kd4 Ka7 44. Kc5 h4 45. gxh4 gxh4 46. Kd6 h3 47. Kxe6 h2 48. Kf7 h1=Q 49. e6 Qf3+ 50. Kg7 Qe4 51. Kf6 Qf4+ 52. Kg6 Qf8 0-1

[Event "Nordic Chess-ch 2019"]
[Site "Sarpsborg"]
[Date "2019.06.25"]
[Round "7.36"]
[White "Rukovci, Shemsi"]
[Black "Larsen, Bjorn"]
[Result "1-0"]
[ECO "C77"]
[WhiteElo "1907"]
[BlackElo "1680"]
[Annotator "NA"]
[PlyCount "83"]
[EventDate "2019.06.21"]
[EventType "swiss"]
[EventCountry "NOR"]
[SourceTitle "playchess.com"]
[Source "ChessBase"]
[SourceQuality "1"]
[TimeControl "40/5400+30:1800+30"]

1. e4 e5 2. Nf3 Nc6 3. Bb5 a6 4. Ba4 Nf6 5. d3 b5 6. Bb3 h6 7. c3 d6 8. O-O Bg4 9. a4 Ne7 10. h3 Bd7 11. Nbd2 g5 12. Nh2 Ng6 13. Ndf3 Qc8 14. g4 Nf4 15. Bxf4 gxf4 16. Nh4 Rg8 17. Kh1 h5 18. Nf5 hxg4 19. hxg4 Nh7 20. Rg1 Ng5 21. Rg2 Qd8 22. f3 Qf6 23. axb5 Bxb5 24. Bd5 Ra7 25. c4 Bd7 26. Qb3 Qd8 27. c5 Rh8 28. c6 Be6 29. Kg1 Bxd5 30. exd5 Rh3 31. Rf2 f6 32. Qc4 a5 33. b4 a4 34. b5 Qb8 35. Rxa4 Rxa4 36. Qxa4 Kf7 37. Qa6 Be7 38. Qb7 Qxb7 39. cxb7 Rh8 40. Rc2 Nh3+ 41. Kg2 Ng5 42. Rxc7 1-0

[Event "Nordic Chess-ch 2019"]
[Site "Sarpsborg"]
[Date "2019.06.25"]
[Round "7.37"]
[White "Andersen, Dag"]
[Black "Eriksen, Oddvar"]
[Result "1/2-1/2"]
[ECO "D15"]
[WhiteElo "1817"]
[BlackElo "1520"]
[Annotator "NA"]
[PlyCount "133"]
[EventDate "2019.06.21"]
[EventType "swiss"]
[EventCountry "NOR"]
[SourceTitle "playchess.com"]
[Source "ChessBase"]
[SourceQuality "1"]
[TimeControl "40/5400+30:1800+30"]

1. d4 Nf6 2. Nf3 c6 3. c4 d5 4. Nc3 Nbd7 5. e3 e5 6. dxe5 Ng4 7. cxd5 Ngxe5 8. dxc6 bxc6 9. Be2 Qc7 10. O-O Nxf3+ 11. Bxf3 Ne5 12. Be2 Bd6 13. Ne4 Be7 14. Qa4 O-O 15. Bd2 Rb8 16. Bc3 f5 17. Nd2 Bf6 18. Nc4 Nxc4 19. Qxc4+ Kh8 20. Bf3 Bb7 21. Rfd1 f4 22. exf4 Bxc3 23. Qxc3 Rxf4 24. Rd2 c5 25. Bxb7 Rxb7 26. Rad1 Rf8 27. b3 Qc8 28. Rd5 Rc7 29. h4 c4 30. b4 Rcf7 31. f3 Qc7 32. Rg5 h6 33. Rg6 Kh7 34. Rg4 Rf4 35. Rxf4 Rxf4 36. h5 Rh4 37. Qc2+ Kh8 38. Qg6 c3 39. Re1 Qb6+ 40. Qxb6 axb6 41. g4 g6 42. hxg6 h5 43. gxh5 Rxh5 44. Rc1 Rh4 45. a3 Rc4 46. Rc2 Kg7 47. Kf2 Kxg6 48. Ke3 Kf5 49. Kd3 Rf4 50. Rf2 c2 51. Kxc2 Ke5 52. Kc3 Kd6 53. a4 Kc6 54. Kb3 Kb7 55. b5 Kb8 56. Re2 Rxf3+ 57. Kc4 Rf4+ 58. Kd5 Rxa4 59. Kc6 Rh4 60. Re8+ Ka7 61. Re7+ Kb8 62. Kxb6 Rh6+ 63. Ka5 Rf6 64. b6 Rf1 65. Ka6 Ra1+ 66. Kb5 Rb1+ 67. Kc6 1/2-1/2

[Event "Nordic Chess-ch 2019"]
[Site "Sarpsborg"]
[Date "2019.06.25"]
[Round "7.38"]
[White "Stabbetorp, Hans"]
[Black "Thorvlaksson, Baldvin"]
[Result "1/2-1/2"]
[ECO "D02"]
[WhiteElo "1767"]
[BlackElo "1523"]
[Annotator "NA"]
[PlyCount "52"]
[EventDate "2019.06.21"]
[EventType "swiss"]
[EventCountry "NOR"]
[SourceTitle "playchess.com"]
[Source "ChessBase"]
[SourceQuality "1"]
[TimeControl "40/5400+30:1800+30"]

1. d4 Nf6 2. Nf3 e6 3. Bf4 d5 4. Nbd2 Bd6 5. Bxd6 cxd6 6. e3 O-O 7. Be2 Re8 8. O-O b6 9. Rc1 Bb7 10. Bb5 Re7 11. c3 Na6 12. Qa4 Nc7 13. Be2 Qd7 14. Qb3 Ne4 15. Nxe4 dxe4 16. Nd2 f5 17. c4 Kh8 18. Rfd1 Qe8 19. c5 dxc5 20. dxc5 Nd5 21. Nc4 bxc5 22. Nd6 Qd7 23. Nxb7 Qxb7 24. Qa3 Rc7 25. Rd2 Qb4 26. Qxb4 cxb4 1/2-1/2

[Event "Nordic Chess-ch 2019"]
[Site "Sarpsborg"]
[Date "2019.06.25"]
[Round "7.39"]
[White "Andersen, Odd"]
[Black "Bergquist, Rune"]
[Result "0-1"]
[ECO "B19"]
[WhiteElo "1751"]
[BlackElo "1609"]
[Annotator "NA"]
[PlyCount "94"]
[EventDate "2019.06.21"]
[EventType "swiss"]
[EventCountry "NOR"]
[SourceTitle "playchess.com"]
[Source "ChessBase"]
[SourceQuality "1"]
[TimeControl "40/5400+30:1800+30"]

1. e4 c6 2. d4 d5 3. Nc3 dxe4 4. Nxe4 Bf5 5. Ng3 Bg6 6. h4 h6 7. Nf3 Nd7 8. h5 Bh7 9. Bd3 Bxd3 10. Qxd3 e6 11. Bf4 Qa5+ 12. c3 Ngf6 13. O-O Be7 14. b4 Qd8 15. a3 O-O 16. c4 a5 17. Qb3 b5 18. c5 Nd5 19. Bd2 axb4 20. axb4 Qc7 21. Rfe1 Bf6 22. Ne4 Be7 23. Ng3 Bf6 24. Qd3 Ra4 25. Rab1 Rfa8 26. Qe4 Be7 27. Ne5 N7f6 28. Qd3 Ra3 29. Rb3 Ra2 30. Re2 Qa7 31. Nxc6 Ra1+ 32. Re1 Rxe1+ 33. Bxe1 Qa1 34. Rb1 Qa4 35. Bd2 Qa2 36. Ne5 Ra3 37. Qe2 Qxb1+ 38. Kh2 Ra2 39. Qxb5 Rxd2 40. c6 Qc2 41. Qb8+ Kh7 42. Nxf7 Ng8 43. Qe5 Rxf2 44. Ne4 Rxg2+ 45. Kh3 Rg1 46. Ng3 Qg2+ 47. Kg4 Ngf6+ 0-1

[Event "Nordic Chess-ch 2019"]
[Site "Sarpsborg"]
[Date "2019.06.25"]
[Round "7.40"]
[White "Lunde, Sigmund"]
[Black "Stubrud, Jan Magne"]
[Result "1-0"]
[ECO "C05"]
[WhiteElo "1834"]
[BlackElo "1681"]
[Annotator "NA"]
[PlyCount "109"]
[EventDate "2019.06.21"]
[EventType "swiss"]
[EventCountry "NOR"]
[SourceTitle "playchess.com"]
[Source "ChessBase"]
[SourceQuality "1"]
[TimeControl "40/5400+30:1800+30"]

1. e4 e6 2. d4 d5 3. Nd2 c5 4. Ngf3 Nf6 5. e5 Nfd7 6. Nb3 Nc6 7. Bf4 Qb6 8. dxc5 Bxc5 9. Nxc5 Nxc5 10. Qc1 O-O 11. c3 Ne4 12. Bg3 f6 13. Bd3 Bd7 14. Qc2 f5 15. Bf4 Rac8 16. a3 Na5 17. O-O Qd8 18. Be3 b6 19. Rad1 Qe8 20. Rde1 Qh5 21. Bxe4 fxe4 22. Nd4 Qxe5 23. f4 exf3 24. Nxf3 Qf5 25. Qe2 Nc4 26. Bc1 Qh5 27. Qd3 Nd6 28. Re5 Qf7 29. Qd4 Rc4 30. Qd2 Rf4 31. Qxf4 Qxf4 32. Bxf4 Rxf4 33. Nd4 Rxf1+ 34. Kxf1 Nc4 35. Re2 Kf7 36. Ke1 e5 37. Rf2+ Kg6 38. Nf3 Kf5 39. Nd2+ Ke6 40. Nxc4 dxc4 41. Kd2 Bc6 42. g3 b5 43. Rf8 a6 44. Rc8 Bd5 45. Rc7 g6 46. Ra7 Kf5 47. Rxa6 Kg4 48. Rb6 e4 49. Rxb5 Be6 50. Re5 Bf5 51. a4 Kh3 52. a5 Bc8 53. Rxe4 Ba6 54. Rh4+ Kg2 55. Rxh7 1-0

[Event "Nordic Chess-ch 2019"]
[Site "Sarpsborg"]
[Date "2019.06.25"]
[Round "7.41"]
[White "Sather, Lars"]
[Black "Heikkila, Raine"]
[Result "1/2-1/2"]
[ECO "D07"]
[WhiteElo "1730"]
[BlackElo "1663"]
[Annotator "NA"]
[PlyCount "118"]
[EventDate "2019.06.21"]
[EventType "swiss"]
[EventCountry "NOR"]
[SourceTitle "playchess.com"]
[Source "ChessBase"]
[SourceQuality "1"]
[TimeControl "40/5400+30:1800+30"]

1. d4 d5 2. c4 Nf6 3. Nc3 Nc6 4. Nf3 Bg4 5. e3 a6 6. h3 Bh5 7. c5 h6 8. Be2 e6 9. O-O Be7 10. b3 O-O 11. Bb2 Bg6 12. Nd2 Qe8 13. f3 Nb4 14. e4 Nh5 15. a3 Nc6 16. Ndb1 Ng3 17. Re1 Nxe2+ 18. Rxe2 Qd7 19. exd5 exd5 20. Na2 Bf6 21. Nb4 Rae8 22. Nxc6 Rxe2 23. Qxe2 Qxc6 24. Qf2 Re8 25. Nc3 Qe6 26. b4 c6 27. Rd1 Qe7 28. a4 Qe3 29. Qxe3 Rxe3 30. Kf2 Rd3 31. Rxd3 Bxd3 32. Ke3 Bf1 33. Kf2 Bc4 34. Nb1 Bb3 35. a5 Bc2 36. Nd2 Bg5 37. Nf1 h5 38. Bc3 Bd3 39. Nh2 Bd8 40. Bd2 Bc7 41. g3 Bf5 42. Kg2 f6 43. Nf1 Bd3 44. Ne3 Kf7 45. g4 hxg4 46. hxg4 Bf4 47. Kf2 g5 48. Be1 Ke6 49. Ng2 Bc7 50. Bd2 Bc2 51. Ke2 Bg6 52. f4 gxf4 53. Nxf4+ Bxf4 54. Bxf4 Be4 55. Kf2 Kf7 56. Kg3 Kg6 57. Kh4 Bd3 58. Be3 Bc2 59. Kg3 Bd3 1/2-1/2

[Event "Nordic Chess-ch 2019"]
[Site "Sarpsborg"]
[Date "2019.06.26"]
[Round "8.14"]
[White "Abdrlauf, Elham"]
[Black "Tunge, Christian"]
[Result "*"]
[ECO "B35"]
[WhiteElo "2207"]
[BlackElo "2027"]
[Annotator "NA RC"]
[PlyCount "97"]
[EventDate "2019.06.21"]
[EventType "swiss"]
[EventCountry "NOR"]
[SourceTitle "playchess.com"]
[Source "ChessBase"]
[SourceQuality "1"]
[TimeControl "40/5400+30:1800+30"]

1. e4 c5 2. Nf3 g6 3. d4 cxd4 4. Nxd4 Nc6 5. Nc3 Bg7 6. Be3 Nf6 7. Bc4 Qa5 8. O-O O-O 9. a3 d6 10. h3 Bd7 11. f4 Nxd4 12. Bxd4 Bc6 13. b4 Qc7 14. Qe2 e5 15. fxe5 Nxe4 16. Nxe4 Bxe4 17. Bxf7+ Rxf7 18. Qxe4 dxe5 19. Bc5 Rd8 20. Rxf7 Qxf7 21. Bxa7 Qd5 22. Qxd5+ Rxd5 23. Be3 e4 24. Re1 b5 25. Bc5 Bd4+ 26. Bxd4 Rxd4 27. Kf2 Rc4 28. Re2 Kf7 29. Ke3 Ke6 30. Kf4 g5+ 31. Kxg5 Ke5 32. h4 Rc6 33. h5 h6+ 34. Kg4 Rc3 35. Rd2 Rxa3 36. Rd8 Rc3 37. Re8+ Kd4 38. Kf4 Rxc2 39. Rd8+ Kc3 40. Rc8+ Kd3 41. Rxc2 Kxc2 42. Kxe4 Kc3 43. g4 Kxb4 44. g5 hxg5 45. h6 Ka3 46. h7 b4 47. h8=Q Ka2 48. Kd3 b3 49. Kc3 *

[Event "Nordic Chess-ch 2019"]
[Site "Sarpsborg"]
[Date "2019.06.26"]
[Round "8.19"]
[White "Fernandez, Juan Pablo"]
[Black "Asbjornsen, Jakob"]
[Result "1-0"]
[ECO "A20"]
[WhiteElo "2066"]
[BlackElo "1359"]
[Annotator "NA RC"]
[PlyCount "47"]
[EventDate "2019.06.21"]
[EventType "swiss"]
[EventCountry "NOR"]
[SourceTitle "playchess.com"]
[Source "ChessBase"]
[SourceQuality "1"]
[TimeControl "40/5400+30:1800+30"]

1. c4 e5 2. g3 Nf6 3. Bg2 d5 4. cxd5 Nxd5 5. Nf3 Nc6 6. O-O Be7 7. d4 exd4 8. Nxd4 Nxd4 9. Qxd4 Nb6 10. Qxg7 Bf6 11. Qh6 Na4 12. Nc3 Nxc3 13. bxc3 Qe7 14. Ba3 Bg5 15. Bxe7 Bxh6 16. Bf6 Rg8 17. Rfd1 Bd7 18. Bxb7 Rb8 19. Be4 Bg7 20. Bxh7 Bxf6 21. Bxg8 Bf5 22. e4 Bg6 23. e5 Bg7 24. e6 1-0

[Event "Nordic Chess-ch 2019"]
[Site "Sarpsborg"]
[Date "2019.06.26"]
[Round "8.20"]
[White "Neretljak, Nedzad"]
[Black "Johansen, Kolbjorn-Albin"]
[Result "*"]
[ECO "B12"]
[WhiteElo "2114"]
[BlackElo "1690"]
[Annotator "NA RC"]
[PlyCount "107"]
[EventDate "2019.06.21"]
[EventType "swiss"]
[EventCountry "NOR"]
[SourceTitle "playchess.com"]
[Source "ChessBase"]
[SourceQuality "1"]
[TimeControl "40/5400+30:1800+30"]

1. e4 c6 2. d4 d5 3. e5 Bf5 4. Ne2 e6 5. Ng3 Bg6 6. h4 h6 7. Bd3 Bxd3 8. Qxd3 h5 9. Nd2 g6 10. Nf3 Qa5+ 11. c3 Qa6 12. Qxa6 Nxa6 13. Bg5 Be7 14. O-O Bxg5 15. Nxg5 Ne7 16. Rfe1 O-O 17. Ne2 Nf5 18. g3 c5 19. Rad1 cxd4 20. Nxd4 Nxd4 21. Rxd4 Rac8 22. Red1 b5 23. g4 Rc4 24. gxh5 gxh5 25. R1d3 Rxd4 26. cxd4 Rc8 27. Rg3 Kf8 28. Nh7+ Ke7 29. Nf6 Nb4 30. Nxh5 Rh8 31. Nf6 Nc6 32. Rg4 Nb8 33. Rf4 Rf8 34. Rg4 Rh8 35. Kg2 Nd7 36. Nxd7 Kxd7 37. Kg3 Ke7 38. Rg5 a5 39. h5 Rc8 40. Kg2 b4 41. Kf3 a4 42. h6 Rh8 43. Rh5 Rh7 44. Kg4 f6 45. Rh1 fxe5 46. dxe5 Kf8 47. Kg5 Kg8 48. Rc1 Rf7 49. Kg6 Rf8 50. f4 d4 51. Rc6 b3 52. axb3 axb3 53. Rd6 Rxf4 54. Rd8+ *

[Event "Nordic Chess-ch 2019"]
[Site "Sarpsborg"]
[Date "2019.06.26"]
[Round "8.23"]
[White "Stellas, Dimitrios"]
[Black "Jashari, Driton"]
[Result "*"]
[ECO "D02"]
[WhiteElo "1976"]
[BlackElo "1755"]
[Annotator "NA RC"]
[PlyCount "83"]
[EventDate "2019.06.21"]
[EventType "swiss"]
[EventCountry "NOR"]
[SourceTitle "playchess.com"]
[Source "ChessBase"]
[SourceQuality "1"]
[TimeControl "40/5400+30:1800+30"]

1. d4 Nf6 2. Bf4 e6 3. e3 c5 4. Nd2 d5 5. c3 Nc6 6. Ngf3 Be7 7. h3 O-O 8. Bd3 cxd4 9. exd4 Nh5 10. Bh2 g6 11. Ne5 Bg5 12. Ndf3 Bh6 13. Ng4 Bg7 14. Qd2 a6 15. Nfe5 f5 16. Nh6+ Bxh6 17. Qxh6 Qe7 18. O-O-O Qg7 19. Qd2 Ne7 20. g4 Nf6 21. f3 b5 22. Kb1 Nd7 23. Nxd7 Bxd7 24. Be5 Qf7 25. g5 Rfe8 26. h4 Nc6 27. Bf6 e5 28. h5 Re6 29. hxg6 Qxg6 30. Rh6 Rxf6 31. gxf6 Qg3 32. Rh5 Kf7 33. Rxh7+ Ke6 34. dxe5 Nxe5 35. Qh6 Ng6 36. Rxd7 Qxf3 37. Re7+ Kxf6 38. Qg7+ Kg5 39. Rg1+ Kh4 40. Qh6+ Qh5 41. Qxh5+ Kxh5 42. Rh7# *

[Event "Nordic Chess-ch 2019"]
[Site "Sarpsborg"]
[Date "2019.06.26"]
[Round "8.25"]
[White "Kreken, Eivind Grunt"]
[Black "Berisha, Xhafer"]
[Result "*"]
[ECO "A65"]
[WhiteElo "1784"]
[BlackElo "1340"]
[Annotator "NA RC"]
[PlyCount "75"]
[EventDate "2019.06.21"]
[EventType "swiss"]
[EventCountry "NOR"]
[SourceTitle "playchess.com"]
[Source "ChessBase"]
[SourceQuality "1"]
[TimeControl "40/5400+30:1800+30"]

1. d4 e6 2. c4 Nf6 3. Nc3 c5 4. d5 d6 5. e4 Be7 6. f4 O-O 7. Nf3 exd5 8. cxd5 Ng4 9. Bd3 a6 10. a4 Nd7 11. O-O Qb6 12. Bc4 Qd8 13. h3 Ngf6 14. e5 dxe5 15. fxe5 Nh5 16. g4 Ng3 17. Re1 Nb6 18. Bd3 c4 19. Bc2 h5 20. g5 Nf5 21. d6 Nxd6 22. exd6 Bxd6 23. a5 Bc5+ 24. Be3 Qc7 25. Kg2 h4 26. Bxc5 Qg3+ 27. Kh1 Qxh3+ 28. Nh2 Bd7 29. Bxf8 Rxf8 30. axb6 Qg3 31. Qxd7 h3 32. Qxb7 Qxg5 33. Qe4 g6 34. b7 Qg3 35. Rxa6 Kg7 36. Rg1 Qc7 37. Raxg6+ fxg6 38. Qxg6+ *

[Event "Nordic Chess-ch 2019"]
[Site "Sarpsborg"]
[Date "2019.06.26"]
[Round "8.26"]
[White "Johansen, Torbjorn Reidar"]
[Black "Granholt, Morten"]
[Result "1-0"]
[ECO "B70"]
[WhiteElo "1754"]
[BlackElo "1478"]
[Annotator "NA RC"]
[PlyCount "55"]
[EventDate "2019.06.21"]
[EventType "swiss"]
[EventCountry "NOR"]
[SourceTitle "playchess.com"]
[Source "ChessBase"]
[SourceQuality "1"]
[TimeControl "40/5400+30:1800+30"]

1. e4 c5 2. Nf3 d6 3. d4 cxd4 4. Nxd4 Nf6 5. Nc3 g6 6. Bc4 Bg7 7. Bb3 O-O 8. O-O Nc6 9. Kh1 Bd7 10. f4 Nxd4 11. Qxd4 e5 12. Qxd6 Ng4 13. Qd3 Qh4 14. Qg3 Qxg3 15. hxg3 Bc6 16. f5 Rad8 17. Nd5 Rd7 18. fxg6 hxg6 19. Bg5 Bxd5 20. Bxd5 Kh7 21. Rf3 f6 22. Be6 Rc7 23. Bxg4 fxg5 24. Rxf8 Bxf8 25. c3 Rc4 26. Re1 Bc5 27. Re2 a5 28. Be6 1-0

[Event "Nordic Chess-ch 2019"]
[Site "Sarpsborg"]
[Date "2019.06.26"]
[Round "8.27"]
[White "Strand, Vetle Bjorge"]
[Black "Henriksen, Morgan"]
[Result "*"]
[ECO "D15"]
[WhiteElo "1609"]
[BlackElo "1717"]
[Annotator "NA RC"]
[PlyCount "74"]
[EventDate "2019.06.21"]
[EventType "swiss"]
[EventCountry "NOR"]
[SourceTitle "playchess.com"]
[Source "ChessBase"]
[SourceQuality "1"]
[TimeControl "40/5400+30:1800+30"]

1. d4 d5 2. c4 c6 3. Nf3 Nf6 4. Nc3 a6 5. cxd5 cxd5 6. Bg5 e6 7. e3 Nc6 8. Be2 Be7 9. O-O O-O 10. Rc1 Bd7 11. h3 Rc8 12. a3 Ne8 13. Bxe7 Qxe7 14. Na4 Nd6 15. Nc5 Be8 16. Bd3 f6 17. Qc2 g6 18. Qe2 Bf7 19. Nh2 e5 20. dxe5 fxe5 21. Ng4 Kg7 22. Rfd1 e4 23. Bb1 Rfd8 24. Qd2 h5 25. Nh2 Kh7 26. Ba2 Nc4 27. Qe2 N6e5 28. Nb3 Qg5 29. Kh1 Rd6 30. Nd4 Rf8 31. Bb1 Rf6 32. Rf1 Be8 33. Rcd1 Qh4 34. f4 exf3 35. Nhxf3 Qg3 36. a4 Bxa4 37. b3 Be8 *

[Event "Nordic Chess-ch 2019"]
[Site "Sarpsborg"]
[Date "2019.06.26"]
[Round "8.28"]
[White "Hanebuth, Katja"]
[Black "Kro, Andreas Fuskeland"]
[Result "*"]
[ECO "C11"]
[WhiteElo "1463"]
[BlackElo "1565"]
[Annotator "NA RC"]
[PlyCount "57"]
[EventDate "2019.06.21"]
[EventType "swiss"]
[EventCountry "NOR"]
[SourceTitle "playchess.com"]
[Source "ChessBase"]
[SourceQuality "1"]
[TimeControl "40/5400+30:1800+30"]

1. e4 e6 2. d4 d5 3. Nc3 Nf6 4. Bd3 c5 5. Bb5+ Nc6 6. e5 Nd7 7. Nf3 cxd4 8. Nxd4 Ncxe5 9. Qe2 Ng6 10. Nxe6 fxe6 11. Qxe6+ Qe7 12. Qxe7+ Nxe7 13. O-O a6 14. Ba4 b5 15. Bb3 Bb7 16. Re1 Nb6 17. Bg5 h6 18. Re6 hxg5 19. Rxb6 Bc6 20. Re1 Kd7 21. a4 Kc7 22. a5 d4 23. Rxc6+ Nxc6 24. Nd5+ Kb7 25. Nb6 Bb4 26. Re6 Rae8 27. Nd7 Rxe6 28. Bxe6 Re8 29. Ne5 *

[Event "Nordic Chess-ch 2019"]
[Site "Sarpsborg"]
[Date "2019.06.26"]
[Round "8.29"]
[White "Skaar, Ben Samuel Groth"]
[Black "Kristiansen, Terje"]
[Result "1-0"]
[ECO "B31"]
[WhiteElo "1362"]
[BlackElo "1330"]
[Annotator "NA RC"]
[PlyCount "29"]
[EventDate "2019.06.21"]
[EventType "swiss"]
[EventCountry "NOR"]
[SourceTitle "playchess.com"]
[Source "ChessBase"]
[SourceQuality "1"]
[TimeControl "40/5400+30:1800+30"]

1. e4 c5 2. Nf3 Nc6 3. Bb5 g6 4. O-O Bg7 5. Re1 e6 6. c3 Nge7 7. Bxc6 Nxc6 8. d4 cxd4 9. cxd4 d5 10. exd5 Qxd5 11. Nc3 Qd6 12. Nb5 Qb8 13. d5 Ne5 14. Nxe5 Bxe5 15. d6 1-0

[Event "Nordic Chess-ch 2019"]
[Site "Sarpsborg"]
[Date "2019.06.26"]
[Round "8.30"]
[White "Tenold, Andreas"]
[Black "Nizar, Siako"]
[Result "*"]
[ECO "B22"]
[WhiteElo "1959"]
[BlackElo "1209"]
[Annotator "NA RC"]
[PlyCount "51"]
[EventDate "2019.06.21"]
[EventType "swiss"]
[EventCountry "NOR"]
[SourceTitle "playchess.com"]
[Source "ChessBase"]
[SourceQuality "1"]
[TimeControl "40/5400+30:1800+30"]

1. e4 e6 2. d4 c5 3. c3 a6 4. a4 cxd4 5. cxd4 d5 6. Nc3 dxe4 7. Nxe4 Nc6 8. Nf3 Nge7 9. Bc4 Nf5 10. d5 Bb4+ 11. Nc3 exd5 12. Bxd5 Bxc3+ 13. bxc3 Qc7 14. O-O O-O 15. Ba3 Rd8 16. Qb3 Nd6 17. Ng5 Ne5 18. Bxd6 Rxd6 19. Rfe1 Rb6 20. Bxf7+ Kh8 21. Qd5 h6 22. Rxe5 hxg5 23. Re8+ Kh7 24. Qd3+ g6 25. Qd4 Qxc3 26. Rh8# *

[Event "Nordic Chess-ch 2019"]
[Site "Sarpsborg"]
[Date "2019.06.26"]
[Round "8.34"]
[White "Andersen, Harry"]
[Black "Rukovci, Shemsi"]
[Result "*"]
[ECO "C54"]
[WhiteElo "1905"]
[BlackElo "1907"]
[Annotator "NA RC"]
[PlyCount "52"]
[EventDate "2019.06.21"]
[EventType "swiss"]
[EventCountry "NOR"]
[SourceTitle "playchess.com"]
[Source "ChessBase"]
[SourceQuality "1"]
[TimeControl "40/5400+30:1800+30"]

1. e4 e5 2. Nf3 Nc6 3. Bc4 Bc5 4. O-O Nf6 5. d3 h6 6. c3 Be7 7. d4 d6 8. d5 Nb8 9. Bd3 Nbd7 10. b4 Nf8 11. h3 g5 12. Bb5+ Bd7 13. Bxd7+ Qxd7 14. Nbd2 Ng6 15. Nh2 Nf4 16. Ng4 h5 17. Ne3 O-O-O 18. Nf5 Rdg8 19. c4 h4 20. f3 N6h5 21. Bb2 Ng3 22. Nxe7+ Qxe7 23. c5 dxc5 24. Qa4 Kb8 25. Nc4 Nd3 26. Na5 cxb4 *

[Event "Nordic Chess-ch 2019"]
[Site "Sarpsborg"]
[Date "2019.06.26"]
[Round "8.35"]
[White "Hauge, Tor Arne"]
[Black "Lunde, Sigmund"]
[Result "*"]
[ECO "A01"]
[WhiteElo "2022"]
[BlackElo "1834"]
[Annotator "NA RC"]
[PlyCount "57"]
[EventDate "2019.06.21"]
[EventType "swiss"]
[EventCountry "NOR"]
[SourceTitle "playchess.com"]
[Source "ChessBase"]
[SourceQuality "1"]
[TimeControl "40/5400+30:1800+30"]

1. b3 e5 2. Bb2 Nc6 3. g3 f5 4. Nf3 d6 5. Bg2 Nf6 6. e3 Be7 7. d3 h6 8. Nbd2 g5 9. h3 Be6 10. Qe2 Qd7 11. O-O-O a5 12. e4 a4 13. d4 fxe4 14. Nxe4 Nxe4 15. Qxe4 d5 16. Qe2 e4 17. Ne5 Nxe5 18. dxe5 axb3 19. axb3 Qc6 20. f3 Bb4 21. fxe4 d4 22. Rxd4 Qc5 23. Rf1 Bc3 24. Bxc3 Qxc3 25. Ra4 Rxa4 26. Qb5+ Bd7 27. bxa4 Bxb5 28. axb5 Qxg3 29. Bf3 *

[Event "Nordic Chess-ch 2019"]
[Site "Sarpsborg"]
[Date "2019.06.26"]
[Round "8.36"]
[White "Eriksen, Oddvar"]
[Black "Kirppo, Ronny"]
[Result "0-1"]
[ECO "B56"]
[WhiteElo "1520"]
[BlackElo "1910"]
[Annotator "NA RC"]
[PlyCount "52"]
[EventDate "2019.06.21"]
[EventType "swiss"]
[EventCountry "NOR"]
[SourceTitle "playchess.com"]
[Source "ChessBase"]
[SourceQuality "1"]
[TimeControl "40/5400+30:1800+30"]

1. e4 c5 2. Nf3 Nc6 3. Nc3 d6 4. d4 cxd4 5. Nxd4 Nf6 6. Nxc6 bxc6 7. Be2 Qc7 8. Bf3 Rb8 9. O-O g6 10. b3 Bg7 11. Bb2 O-O 12. Rb1 Rd8 13. Re1 e5 14. Bc1 h6 15. h3 Be6 16. Na4 d5 17. exd5 cxd5 18. Bg4 Nxg4 19. hxg4 d4 20. g3 Rbc8 21. Ba3 Qxc2 22. Rb2 Qxd1 23. Rxd1 Bxg4 24. Re1 h5 25. Kg2 Bf5 26. f3 Bc2 0-1

[Event "Nordic Chess-ch 2019"]
[Site "Sarpsborg"]
[Date "2019.06.26"]
[Round "8.37"]
[White "Bergquist, Rune"]
[Black "Andersen, Dag"]
[Result "*"]
[ECO "A56"]
[WhiteElo "1609"]
[BlackElo "1817"]
[Annotator "NA RC"]
[PlyCount "98"]
[EventDate "2019.06.21"]
[EventType "swiss"]
[EventCountry "NOR"]
[SourceTitle "playchess.com"]
[Source "ChessBase"]
[SourceQuality "1"]
[TimeControl "40/5400+30:1800+30"]

1. d4 Nf6 2. c4 c5 3. d5 e5 4. Nc3 d6 5. e4 Nbd7 6. Nf3 Be7 7. Be2 h5 8. h3 Nf8 9. Qc2 Ng6 10. Bd2 a6 11. Qa4+ Bd7 12. Qb3 Rb8 13. O-O h4 14. Nh2 Nh5 15. Bg4 Nhf4 16. Bxd7+ Qxd7 17. Nf3 O-O 18. Rfe1 b5 19. cxb5 axb5 20. Ne2 c4 21. Qc2 Nd3 22. Red1 f5 23. exf5 Rxf5 24. Be3 Rxf3 25. gxf3 Qxh3 26. Rxd3 cxd3 27. Qxd3 e4 28. Qxe4 Ne5 29. Nd4 Rf8 30. f4 Ng4 31. Qg2 Qxg2+ 32. Kxg2 Nf6 33. Rc1 b4 34. Nc6 Nxd5 35. Nxe7+ Nxe7 36. Rc4 Ra8 37. Rxb4 Nd5 38. Rd4 Nxe3+ 39. fxe3 Rxa2 40. Rd2 Ra6 41. Kh3 Rb6 42. Kxh4 Kf7 43. Kg4 Kf6 44. e4 Ke6 45. Kg5 Rb3 46. f5+ Ke5 47. Kg6 Kxe4 48. Rxd6 Rg3+ 49. Kf7 Kxf5 *